NYP
CONNECTICUT TIGERS @ CHICAGO (NYP) WHITE SOX
06/30/2045
 
TOP OF THE 1ST
Connecticut Tigers batting - Pitching for Chicago (NYP) White Sox : LHP Tyler Kenney
Pitching: LHP Tyler Kenney
Batting: RHB Jon Goldstein 0-0: Ball
1-0: Called Strike
1-1: Foul Ball, location: 2F
1-2: Ball
2-2: SINGLE (Line Drive, 5D, EV 94.4 MPH)
Batting: RHB John Welch 0-0: Called Strike
0-1: Ball
1-1: Ball
2-1: Ball
3-1: Fielders Choice at 2nd, 6-4 (Groundball, 6, EV 78.8 MPH)
Batting: RHB Eric Angelle 0-0: Called Strike
0-1: Ball
Wild Pitch!
John Welch to second
1-1: Ball
2-1: Swinging Strike
2-2: Ball
3-2: Strikes out swinging
Batting: RHB Mike Sebastian 0-0: Foul Ball, location: 2F
0-1: Ball
1-1: Ball
2-1: DOUBLE (Line Drive, 78D, EV 111.9 MPH)
John Welch scores
Batting: RHB Eric Blaha 0-0: Ball
1-0: Foul Ball, location: 2F
1-1: Ball
2-1: Ball
3-1: Base on Balls
Batting: RHB Travis Newton 0-0: Ball
Mike Sebastian steals 3rd base
1-0: Ball
2-0: Ball
3-0: Called Strike
3-1: Fly out, F7 (Flyball, 7, EV 98.1 MPH)
Top of the 1st over - 1 run, 2 hits, 0 errors, 2 left on base; Connecticut 1 - Chicago (NYP) 0
BOTTOM OF THE 1ST
Chicago (NYP) White Sox batting - Pitching for Connecticut Tigers : RHP John Evancho
Pitching: RHP John Evancho
Batting: LHB Adam Tarbutton 0-0: Ball
1-0: Called Strike
1-1: SINGLE (Groundball, 34D, EV 104.4 MPH)
Batting: RHB Mark Jones 0-0: Called Strike
0-1: Ball
1-1: Foul Ball, location: 2F
1-2: Foul Ball, location: 2F
1-2: SINGLE (Groundball, 56D, EV 103.8 MPH)
Adam Tarbutton to second
Batting: LHB Josh Pittman 0-0: Grounds into double play, 5-4-3 (Groundball, 5, EV 110.0 MPH)
Adam Tarbutton to third
Batting: LHB Ryan Dyal 0-0: Ground out 3-1 (Groundball, 34S, EV 93.8 MPH)
Bottom of the 1st over - 0 runs, 2 hits, 0 errors, 1 left on base; Connecticut 1 - Chicago (NYP) 0
TOP OF THE 2ND
Connecticut Tigers batting - Pitching for Chicago (NYP) White Sox : LHP Tyler Kenney
Batting: LHB Miguel Bojorquez 0-0: Called Strike
0-1: SINGLE (Line Drive, 89S, EV 112.5 MPH)
Batting: RHB Rocky Hart 0-0: Ball
1-0: Called Strike
1-1: Called Strike
1-2: Strikes out swinging
Batting: LHB Jeff Trapp 0-0: Fielders Choice at 2nd, 6-4 (Groundball, 6, EV 103.1 MPH)
Batting: RHB Jon Goldstein 0-0: Ball
Jeff Trapp is caught stealing 2nd base 2-4
Top of the 2nd over - 0 runs, 1 hit, 0 errors, 0 left on base; Connecticut 1 - Chicago (NYP) 0
BOTTOM OF THE 2ND
Chicago (NYP) White Sox batting - Pitching for Connecticut Tigers : RHP John Evancho
Batting: LHB Herkko Haavikko 0-0: Foul Ball, location: 2F
0-1: Called Strike
0-2: Ball
1-2: Strikes out swinging
Batting: RHB Vic Lucatero 0-0: Called Strike
0-1: Foul Ball, location: 2F
0-2: TRIPLE (Flyball, 8RXD, EV 107.5 MPH)
Batting: LHB Carlos Ramirez 0-0: Called Strike
0-1: Called Strike
0-2: Strikes out swinging
Batting: RHB Victor Orozco 0-0: Ball
1-0: Ball
2-0: Swinging Strike
2-1: Ball
3-1: Foul Ball, location: 2F
3-2: Base on Balls
Batting: RHB Blake Kelly 0-0: Called Strike
0-1: Ground out 1-3 (Groundball, P, EV 64.4 MPH)
Bottom of the 2nd over - 0 runs, 1 hit, 0 errors, 2 left on base; Connecticut 1 - Chicago (NYP) 0
TOP OF THE 3RD
Connecticut Tigers batting - Pitching for Chicago (NYP) White Sox : LHP Tyler Kenney
Batting: RHB Jon Goldstein 0-0: DOUBLE (Line Drive, 9LS, EV 109.4 MPH)
Batting: RHB John Welch 0-0: Ball
1-0: Fly out, F8 (Flyball, 8LM, EV 91.2 MPH)
Batting: RHB Eric Angelle 0-0: Called Strike
0-1: Foul Ball, location: 2F
0-2: Strikes out swinging
Batting: RHB Mike Sebastian 0-0: Ball
1-0: Ball
2-0: Ball
3-0: Base on Balls
Batting: RHB Eric Blaha 0-0: Foul Ball, location: 2F
0-1: Ball
1-1: Swinging Strike
1-2: Strikes out swinging
Top of the 3rd over - 0 runs, 1 hit, 0 errors, 2 left on base; Connecticut 1 - Chicago (NYP) 0
BOTTOM OF THE 3RD
Chicago (NYP) White Sox batting - Pitching for Connecticut Tigers : RHP John Evancho
Batting: LHB Adam Tarbutton 0-0: Called Strike
0-1: Ball
1-1: Ball
2-1: Ball
3-1: Base on Balls
Batting: RHB Mark Jones 0-0: Ball
1-0: Ball
2-0: Foul Ball, location: 2F
2-1: Ball
3-1: Foul Ball, location: 2F
3-2: Base on Balls
Adam Tarbutton to second
Batting: LHB Josh Pittman 0-0: Called Strike
0-1: Foul Ball, location: 2F
0-2: Ball
1-2: Ball
2-2: Ball
3-2: Base on Balls
Adam Tarbutton to third
Mark Jones to second
Batting: LHB Ryan Dyal 0-0: Ball
1-0: Called Strike
1-1: Fly out, F8 (Flyball, 8LS, EV 92.5 MPH)
Batting: LHB Herkko Haavikko 0-0: Called Strike
0-1: Ball
1-1: Fielders Choice at 2nd, 3-6 (Groundball, 3, EV 79.4 MPH)
Adam Tarbutton scores
Mark Jones to third
Batting: RHB Vic Lucatero 0-0: SINGLE (Groundball, 6MD, EV 106.9 MPH)
Mark Jones scores
Herkko Haavikko to second
Batting: LHB Carlos Ramirez 0-0: Called Strike
0-1: Ball
1-1: Foul Ball, location: 2F
1-2: Strikes out looking
Bottom of the 3rd over - 2 runs, 1 hit, 0 errors, 2 left on base; Connecticut 1 - Chicago (NYP) 2
TOP OF THE 4TH
Connecticut Tigers batting - Pitching for Chicago (NYP) White Sox : LHP Tyler Kenney
Batting: RHB Travis Newton 0-0: Ball
1-0: Ball
2-0: Foul Ball, location: 2F
2-1: Swinging Strike
2-2: Foul Ball, location: 2F
2-2: Fly out, F6 (Line Drive, 6, EV 69.4 MPH)
Batting: LHB Miguel Bojorquez 0-0: Ball
1-0: Ball
2-0: Called Strike
2-1: Called Strike
2-2: Strikes out swinging
Batting: RHB Rocky Hart 0-0: Ball
1-0: Foul Ball, location: 2F
1-1: Foul Ball, location: 2F
1-2: Ball
2-2: Ball
3-2: Foul Ball, location: 2F
3-2: Strikes out swinging
Top of the 4th over - 0 runs, 0 hits, 0 errors, 0 left on base; Connecticut 1 - Chicago (NYP) 2
BOTTOM OF THE 4TH
Chicago (NYP) White Sox batting - Pitching for Connecticut Tigers : RHP John Evancho
Batting: RHB Victor Orozco 0-0: Called Strike
0-1: Foul Ball, location: 2F
0-2: Ball
1-2: Foul Ball, location: 2F
1-2: Ground out 6-3 (Groundball, 6, EV 100.0 MPH)
Batting: RHB Blake Kelly 0-0: Foul Ball, location: 2F
0-1: Foul Ball, location: 2F
0-2: Strikes out swinging
Batting: LHB Adam Tarbutton 0-0: Ball
1-0: Foul Ball, location: 2F
1-1: Ball
2-1: Swinging Strike
2-2: Foul Ball, location: 2F
2-2: Foul Ball, location: 2F
2-2: Ball
3-2: Strikes out looking
Bottom of the 4th over - 0 runs, 0 hits, 0 errors, 0 left on base; Connecticut 1 - Chicago (NYP) 2
TOP OF THE 5TH
Connecticut Tigers batting - Pitching for Chicago (NYP) White Sox : LHP Tyler Kenney
Batting: LHB Jeff Trapp 0-0: Ball
1-0: Ball
2-0: Foul Ball, location: 2F
2-1: Ball
3-1: Called Strike
3-2: Strikes out swinging
Batting: RHB Jon Goldstein 0-0: Called Strike
0-1: Foul Ball, location: 2F
0-2: Ground out 5-3 (Groundball, 56, EV 103.8 MPH)
Batting: RHB John Welch 0-0: SINGLE (Line Drive, 8RS, EV 98.1 MPH)
Batting: RHB Eric Angelle 0-0: Called Strike
John Welch steals 2nd base
0-1: Ball
1-1: Foul Ball, location: 2F
1-2: Foul Ball, location: 2F
1-2: Foul Ball, location: 2F
1-2: Ball
2-2: Ball
3-2: Fly out, F1 (Popup, P, EV 71.9 MPH)
Top of the 5th over - 0 runs, 1 hit, 0 errors, 1 left on base; Connecticut 1 - Chicago (NYP) 2
BOTTOM OF THE 5TH
Chicago (NYP) White Sox batting - Pitching for Connecticut Tigers : RHP John Evancho
Batting: RHB Mark Jones 0-0: Swinging Strike
0-1: Ball
1-1: Foul Ball, location: 2F
1-2: Ball
2-2: Foul Ball, location: 2F
2-2: Ground out 5-3 (Groundball, 5, EV 83.1 MPH)
Pitching: LHP Jayden Carey
Batting: LHB Josh Pittman 0-0: Called Strike
0-1: Called Strike
0-2: Ball
1-2: Ball
2-2: Strikes out swinging
Batting: LHB Ryan Dyal 0-0: Foul Ball, location: 2F
0-1: Ball
1-1: SINGLE (Line Drive, 78S, EV 98.1 MPH)
Batting: LHB Herkko Haavikko 0-0: Ball
1-0: Called Strike
1-1: Called Strike
1-2: Strikes out looking
Bottom of the 5th over - 0 runs, 1 hit, 0 errors, 1 left on base; Connecticut 1 - Chicago (NYP) 2
TOP OF THE 6TH
Connecticut Tigers batting - Pitching for Chicago (NYP) White Sox : LHP Tyler Kenney
Batting: RHB Mike Sebastian 0-0: Ball
1-0: Swinging Strike
1-1: Ball
2-1: Called Strike
2-2: Foul Ball, location: 2F
2-2: Ball
3-2: Fly out, F7 (Flyball, 7S, EV 92.5 MPH)
Pitching: LHP U-suk Leem
Batting: RHB Eric Blaha 0-0: Ball
1-0: Swinging Strike
1-1: Ball
2-1: Swinging Strike
2-2: Strikes out looking
Batting: RHB Travis Newton 0-0: Swinging Strike
0-1: Ball
1-1: Ball
2-1: Swinging Strike
2-2: Strikes out swinging
Top of the 6th over - 0 runs, 0 hits, 0 errors, 0 left on base; Connecticut 1 - Chicago (NYP) 2
BOTTOM OF THE 6TH
Chicago (NYP) White Sox batting - Pitching for Connecticut Tigers : LHP Jayden Carey
Batting: RHB Vic Lucatero 0-0: Ball
1-0: Swinging Strike
1-1: Called Strike
1-2: Strikes out swinging
Batting: LHB Carlos Ramirez 0-0: Called Strike
0-1: Ground out 5-3 (Groundball, 5, EV 91.9 MPH)
Batting: RHB Victor Orozco 0-0: Ball
1-0: Ball
2-0: Ball
3-0: Foul Ball, location: 2F
3-1: Base on Balls
Batting: RHB Blake Kelly 0-0: Ball
1-0: Called Strike
1-1: Swinging Strike
1-2: Ball
2-2: Foul Ball, location: 2F
2-2: Fielders Choice at 2nd, 5-4 (Groundball, 5, EV 100.6 MPH)
Bottom of the 6th over - 0 runs, 0 hits, 0 errors, 1 left on base; Connecticut 1 - Chicago (NYP) 2
TOP OF THE 7TH
Connecticut Tigers batting - Pitching for Chicago (NYP) White Sox : LHP U-suk Leem
Batting: LHB Miguel Bojorquez 0-0: Ball
1-0: Foul Ball, location: 2F
1-1: SINGLE (Groundball, 34D, EV 97.5 MPH)
Batting: RHB Rocky Hart 0-0: Bunted foul
0-1: Bunted foul
0-2: Ball
1-2: SINGLE (Line Drive, 8RS, EV 106.2 MPH)
Miguel Bojorquez to second
Batting: LHB Jeff Trapp 0-0: Ball
1-0: Ball
2-0: Sac Bunt to 15 - play at first, batter OUT! 1-4
Miguel Bojorquez to third
Rocky Hart to second
Batting: RHB Jon Goldstein 0-0: Ball
1-0: Ground out 4-3 (Groundball, 4, EV 88.1 MPH)
Miguel Bojorquez scores
Rocky Hart to third
Batting: RHB John Welch 0-0: Called Strike
0-1: Ball
1-1: Foul Ball, location: 2F
1-2: Strikes out swinging
Top of the 7th over - 1 run, 2 hits, 0 errors, 1 left on base; Connecticut 2 - Chicago (NYP) 2
BOTTOM OF THE 7TH
Chicago (NYP) White Sox batting - Pitching for Connecticut Tigers : LHP Jayden Carey
Pitching: LHP Neil Palazzo
Pinch Hitting: RHB Nick Richardson 0-0: Called Strike
0-1: SINGLE (Line Drive, 34D, EV 95.0 MPH)
Batting: RHB Mark Jones 0-0: Bunted foul
0-1: Bunt - Flyout to 13! F1
Pinch Hitting: RHB Josiah Wright 0-0: Called Strike
0-1: Ball
1-1: Swinging Strike
1-2: Ball
2-2: Strikes out looking
Pinch Hitting: RHB Corban Stavrakis 0-0: Ball
1-0: Reached on error, E5 (Groundball, 56, EV 100.0 MPH)
Nick Richardson to second
Batting: LHB Herkko Haavikko 0-0: Ball
1-0: Foul Ball, location: 2F
1-1: Fly out, F8 (Flyball, 8LD, EV 95.6 MPH)
Bottom of the 7th over - 0 runs, 1 hit, 1 error, 2 left on base; Connecticut 2 - Chicago (NYP) 2
TOP OF THE 8TH
Connecticut Tigers batting - Pitching for Chicago (NYP) White Sox : LHP U-suk Leem
Pitching: RHP Greg Waters
Now at 2B: Josiah Wright
Now in LF: Corban Stavrakis
Now in CF: Carsten Koers
Batting: RHB Eric Angelle 0-0: Called Strike
0-1: Ball
1-1: Ball
2-1: Ball
3-1: SINGLE (Groundball, 34D, EV 99.4 MPH)
Batting: RHB Mike Sebastian 0-0: Ball
1-0: Called Strike
1-1: Called Strike
1-2: Strikes out swinging
Batting: RHB Eric Blaha 0-0: Ball
1-0: Swinging Strike
1-1: Fly out, F6 (Line Drive, 6, EV 65.0 MPH)
Batting: RHB Travis Newton 0-0: Ball
1-0: Ball
2-0: Called Strike
2-1: Called Strike
2-2: Strikes out looking
Top of the 8th over - 0 runs, 1 hit, 0 errors, 1 left on base; Connecticut 2 - Chicago (NYP) 2
BOTTOM OF THE 8TH
Chicago (NYP) White Sox batting - Pitching for Connecticut Tigers : LHP Neil Palazzo
Pitching: RHP Tony Kepp
Batting: RHB Vic Lucatero 0-0: Foul Ball, location: 2F
0-1: Swinging Strike
0-2: Ground out 2-3 (Groundball, 2L, EV 68.1 MPH)
Batting: LHB Carlos Ramirez 0-0: Ball
1-0: Called Strike
1-1: Foul Ball, location: 2F
1-2: Fly out, F8 (Line Drive, 8RD, EV 103.8 MPH)
Pinch Hitting: LHB Larry Myers 0-0: Called Strike
0-1: Ball
1-1: Fly out, F8 (Flyball, 8RM, EV 96.9 MPH)
Bottom of the 8th over - 0 runs, 0 hits, 0 errors, 0 left on base; Connecticut 2 - Chicago (NYP) 2
TOP OF THE 9TH
Connecticut Tigers batting - Pitching for Chicago (NYP) White Sox : RHP Greg Waters
Pitching: RHP Nate Ragain
Now at 3B: Gonçalo Burhil
Batting: LHB Miguel Bojorquez 0-0: Called Strike
0-1: Ground out 4-3 (Groundball, 4, EV 88.8 MPH)
Batting: RHB Rocky Hart 0-0: Called Strike
0-1: Called Strike
0-2: Ball
1-2: Foul Ball, location: 2F
1-2: Strikes out swinging
Batting: LHB Jeff Trapp 0-0: Foul Ball, location: 2F
0-1: Ball
1-1: Called Strike
1-2: Ball
2-2: Strikes out looking
Top of the 9th over - 0 runs, 0 hits, 0 errors, 0 left on base; Connecticut 2 - Chicago (NYP) 2
BOTTOM OF THE 9TH
Chicago (NYP) White Sox batting - Pitching for Connecticut Tigers : RHP Tony Kepp
Pitching: RHP Scott King
Pinch Hitting: LHB Justin Stickney 0-0: Called Strike
0-1: Swinging Strike
0-2: Foul Ball, location: 2F
0-2: Ball
1-2: Ball
2-2: Foul Ball, location: 2F
2-2: Foul Ball, location: 2F
2-2: Fly out, F9 (Flyball, 9, EV 94.4 MPH)
Pinch Hitting: LHB Matt Hyde 0-0: Called Strike
0-1: Ball
1-1: Ball
2-1: Ball
3-1: Base on Balls
Batting: RHB Mark Jones 0-0: Called Strike
Matt Hyde steals 2nd base
0-1: Foul Ball, location: 2F
0-2: Ball
1-2: Ball
2-2: Ball
3-2: Strikes out swinging
Batting: RHB Josiah Wright 0-0: Called Strike
0-1: Ball
1-1: Ball
Passed Ball!
Matt Hyde to third
2-1: Ball
3-1: Base on Balls
Pitching: RHP Luis Brown
Batting: RHB Corban Stavrakis 0-0: Called Strike
0-1: Hit by Pitch
Josiah Wright to second
Batting: LHB Herkko Haavikko 0-0: Foul Ball, location: 2F
0-1: Fly out, F9 (Flyball, 9LS, EV 77.5 MPH)
Bottom of the 9th over - 0 runs, 0 hits, 0 errors, 3 left on base; Connecticut 2 - Chicago (NYP) 2
TOP OF THE 10TH
Connecticut Tigers batting - Pitching for Chicago (NYP) White Sox : RHP Nate Ragain
Now at C: Roberto Martinez
Now in CF: Matt Hyde
Batting: RHB Jon Goldstein 0-0: Foul Ball, location: 2F
0-1: Ball
1-1: Called Strike
1-2: Foul Ball, location: 2F
1-2: Ball
2-2: Foul Ball, location: 2F
2-2: SINGLE (Flyball, 6D, EV 93.8 MPH)
Batting: RHB John Welch 0-0: Called Strike
Jon Goldstein steals 2nd base (no throw)
0-1: SINGLE (Line Drive, 78S, EV 93.1 MPH)
Jon Goldstein to third
Batting: RHB Eric Angelle 0-0: Ball
John Welch steals 2nd base (no throw)
1-0: Intentional Walk
Batting: RHB Mike Sebastian 0-0: Called Strike
0-1: Foul Ball, location: 2F
0-2: Strikes out swinging
Batting: RHB Eric Blaha 0-0: Ball
1-0: SINGLE (Groundball, 6, EV 87.5 MPH) (infield hit)
Jon Goldstein scores
John Welch to third
Eric Angelle to second
Batting: RHB Travis Newton 0-0: Foul Ball, location: 2F
0-1: DOUBLE (Flyball, 9LD, EV 96.9 MPH)
John Welch scores
Eric Angelle scores
Eric Blaha to third
Batting: LHB Miguel Bojorquez 0-0: Intentional Walk
Batting: RHB Rocky Hart 0-0: Called Strike
0-1: Ball
1-1: Called Strike
1-2: Ball
2-2: Strikes out swinging
Batting: LHB Jeff Trapp 0-0: Ball
1-0: Called Strike
1-1: SINGLE (Groundball, 56S, EV 66.9 MPH) (infield hit)
Eric Blaha scores
Travis Newton to third
Miguel Bojorquez to second
Pitching: RHP Adam Rasmussen
Batting: RHB Jon Goldstein 0-0: Ball
1-0: Called Strike
1-1: Called Strike
1-2: Ball
2-2: Foul Ball, location: 2F
2-2: Ball
3-2: Strikes out swinging
Top of the 10th over - 4 runs, 5 hits, 0 errors, 3 left on base; Connecticut 6 - Chicago (NYP) 2
BOTTOM OF THE 10TH
Chicago (NYP) White Sox batting - Pitching for Connecticut Tigers : RHP Luis Brown
Batting: RHB Vic Lucatero 0-0: Ball
1-0: Ground out 4-3 (Groundball, 4M, EV 83.1 MPH)
Batting: LHB Carlos Ramirez 0-0: Ball
1-0: Ground out 1-3 (Groundball, 13S, EV 65.6 MPH)
Batting: RHB Gonçalo Burhil 0-0: Called Strike
0-1: Fly out, F9 (Flyball, 89S, EV 82.5 MPH)
Bottom of the 10th over - 0 runs, 0 hits, 0 errors, 0 left on base; Connecticut 6 - Chicago (NYP) 2
Wednesday, June 22nd , 2022 - OOTP Baseball 23.4 Build 64